 Dungeon Crawl Stone Soup version 0.22-a0-273-g3d7ae58 (webtiles) character file.

139400 MatthieuS the Eclecticist (level 16, -2/105 HPs)
             Began as a Deep Elf Venom Mage on Mar 10, 2018.
             Was a High Priest of Ru.
             Killed from afar by Nikola (8 damage)
             ... with a chain lightning
             ... on level 1 of the Spider Nest on Mar 12, 2018.
             The game lasted 03:19:42 (43743 turns).

MatthieuS the Eclecticist (Deep Elf Venom Mage)    Turns: 43743, Time: 03:19:42

Health: -2/105     AC: 17    Str:  6    XL:     16   Next: 73%
Magic:  6/33       EV: 16    Int: 33    God:    Ru [*****.]
Gold:   2417       SH:  0    Dex: 14    Spells: 6/45 levels left

rFire    . . .     SeeInvis .   t - staff of air
rCold    . . .     Gourm    .   (shield unavailable)
rNeg     + . .     Faith    .   l - +4 ring mail of Laf Fekk {rN+ Dex+2}
rPois    +         Spirit   .   p - +1 helmet of the Ace of Pentacles {MR+ Int+6 Dex-3}
rElec    +         Reflect  .   C - +1 cloak
rCorr    .         Harm     .   m - +2 pair of gloves
MR       ++...                  v - +0 pair of boots
Stlth    +++.......             e - amulet of regeneration
HPRegen  0.67/turn              (ring unavailable)
MPRegen  0.23/turn              N - ring of poison resistance

@: very slightly contaminated, studying Charms
A: repulsion field 1, blurry vision 1, low mp 1, missing a hand, inability to
use devices
a: Sacrifice an Eye, Sacrifice Stealth, Sacrifice Courage, Reject Sacrifices,
Draw Out Power, Power Leap, Apocalypse, Renounce Religion


You were on level 1 of the Spider Nest.
You worshipped Ru.
Ru was extremely pleased with you.
You were not hungry.

You visited 4 branches of the dungeon, and saw 24 of its levels.
You also visited: Labyrinth and Ice Cave.

You collected 2828 gold pieces.
You spent 411 gold pieces at shops.

Inventory:

Hand Weapons
 a - a +6 dagger of draining
   (You took it off a goblin on level 1 of the Dungeon)
 z - a +2 dagger of electrocution
   (You took it off an orc on level 5 of the Dungeon)
Missiles
 c - 219 arrows
Armour
 l - the +4 ring mail of Laf Fekk (worn) {rN+ Dex+2}
   (You bought it in a shop on level 2 of the Orcish Mines)

   It affects your dexterity (+2).
   It protects you from negative energy.
 m - a +2 pair of gloves (worn)
   (You found it on level 2 of the Dungeon)
 p - the +1 helmet of the Ace of Pentacles (worn) {MR+ Int+6 Dex-3}
   (You found it in a labyrinth)

   It affects your intelligence (+6).
   It affects your dexterity (-3).
   It affects your resistance to hostile enchantments.
 v - a +0 pair of boots (worn)
   (You found it on level 5 of the Lair of Beasts)
 C - a +1 cloak (worn)
   (You found it on level 7 of the Dungeon)
Magical Staves
 q - an uncursed staff of fire
   (You found it on level 6 of the Lair of Beasts)
 t - an uncursed staff of air (weapon)
   (You found it in a labyrinth)
 O - an uncursed staff of wizardry {!a}
   (You acquired it on level 5 of the Lair of Beasts)
Jewellery
 e - an amulet of regeneration (around neck)
   (You took it off a human on level 13 of the Dungeon)
 i - the ring "Apyuclim" {rF+ rC+ SInv}
   (You found it on level 4 of the Dungeon)

   [ring of protection from cold]

   It protects you from fire.
   It protects you from cold.
   It lets you see invisible.
 G - the ring of Phasing {EV+8}
   (You found it on level 8 of the Dungeon)

   [ring of evasion]

   It affects your evasion (+8).
 H - an uncursed ring of protection from fire
   (You found it on level 1 of the Lair of Beasts)
 N - a ring of poison resistance (right hand)
   (You found it on level 14 of the Dungeon)
 R - an uncursed ring of protection from cold
   (You found it in an ice cave)
Scrolls
 b - 7 scrolls of magic mapping
 d - 6 scrolls of teleportation {@r4}
 g - 14 scrolls of remove curse {@r2}
 h - 4 scrolls of amnesia
 r - a scroll of blinking
 w - 7 scrolls of fear
 y - a scroll of summoning
 A - 2 scrolls of torment {unknown}
 B - 4 scrolls of immolation {!r}
 E - 10 scrolls of identify {@r1}
 K - 2 scrolls of enchant armour
 L - a scroll of brand weapon {unknown}
 M - a scroll of fog {unknown}
Potions
 j - a potion of ambrosia
 o - 2 potions of cancellation
 s - 5 potions of flight
 u - 2 potions of brilliance
 F - a potion of haste {unknown}
 I - 5 potions of curing {@q1}
 J - a potion of lignification {unknown}
 Q - a potion of heal wounds {@q2}
Books
 x - a manual of Charms {!d}
   (You found it on level 3 of the Lair of Beasts)
Comestibles
 n - 19 rations


   Skills:
 * Level 13.8 Fighting
 + Level 10.9 Dodging
 - Level 9.1 Stealth
 + Level 15.0 Spellcasting
 + Level 12.7 Conjurations
 + Level 14.2 Charms
 - Level 4.2 Necromancy
 - Level 3.0 Transmutations
 + Level 14.6 Fire Magic
 - Level 6.0 Poison Magic


You had 6 spell levels left.
You knew the following spells:

 Your Spells              Type           Power        Failure   Level  Hunger
a - Flame Tongue          Conj/Fire      #####        1%          1    None
b - Throw Flame           Conj/Fire      ######       1%          2    None
c - Conjure Flame         Conj/Fire      #######.     1%          3    None
d - Mephitic Cloud        Conj/Pois/Air  #######.     1%          3    None
e - Sticks to Snakes      Tmut           #####...     3%          2    None
f - Olgreb's Toxic Radia  Pois           ######..     5%          4    None
g - Sublimation of Blood  Necr           ######....   1%          2    None
h - Bolt of Magma         Conj/Fire/Erth ######....   4%          5    None
j - Regeneration          Chrm/Necr      ######....   1%          3    None
k - Ignite Poison         Fire/Tmut/Pois ######..     1%          3    None
q - Sticky Flame          Conj/Fire      #######.     1%          4    None
x - Fireball              Conj/Fire      #######...   1%          5    None
A - Shroud of Golubria    Chrm/Tloc      ######....   1%          2    None


Dungeon Overview and Level Annotations

Branches:
Dungeon (15/15)            Temple (0/1) D:7            Lair (6/6) D:10
  Swamp (0/4) Lair:2       Spider (1/4) Lair:4        Slime (0/5) Lair:5
    Orc (2/2) D:11            Elf (0/3) Orc:2        Vaults (0/5) D:13
 Depths (0/5) D:15

Altars:
Dithmenos
Fedhas
Gozag
Makhleb
Nemelex Xobeh
Okawaru
Ru
Uskayaw
Zin
The Shining One
Beogh

Shops:
D:7 %   D:11 (   D:14 *   Orc:2 [[*}!

Portals:
Pandemonium: Orc:2
Trove: D:11 (give +3 shadow dragon scales)

Annotations:
D:3 1 runed door
Lair:2 exclusion: 2 oklob plants
Spider:1 Nikola


Innate Abilities, Weirdness & Mutations

You are missing a hand.
You cannot study or use magical devices.
You are surrounded by a mild repulsion field. (EV +2)
Scrolls take you a little longer to read.
Your magical capacity is low. (-10% MP)


Message History

The lightning arc suddenly appears!
The lightning arc hits the redback.
The redback dies!
The lightning arc hits you! You resist.
* * * LOW HITPOINT WARNING * * *
You hear a hideous shriek!
You hear an angry hiss. x2
You feel much better.
Nikola begins to cast a spell, but is stunned by your will!
Nikola warns, "If you see one of my golems, approach with caution, they bite."
Nikola casts a spell.
Nikola blinks!
Nikola points at you and mumbles some strange words.
The bolt of lightning misses you.
The demonic crawler gives a hideous shriek!
Nikola completely misses you.
You hit Nikola. The demonic crawler barely misses you.
The demonic crawler hits you but does no damage.
The demonic crawler hits you!
Nikola mumbles some strange words.
Nikola blinks!
The demonic crawler barely misses you. x2
The demonic crawler hits you but does no damage.
You redirect Nikola's attack!
You hit Nikola but do no damage.
The demonic crawler hits you but does no damage. x2
The demonic crawler hits you.
You focus your will and illuminate the demonic crawler in retribution!
Nikola casts a spell.
You hear a mighty clap of thunder!
The lightning arc hits you! You resist.
* * * LOW HITPOINT WARNING * * *
The lightning arc hits Nikola.
The lightning arc hits you! You resist.
* * * LOW HITPOINT WARNING * * *
The lightning arc hits Nikola.
The lightning arc hits you! You resist.
* * * LOW HITPOINT WARNING * * *
The lightning arc hits Nikola.
The demonic crawler misses you. The demonic crawler hits you.
* * * LOW HITPOINT WARNING * * *
You focus your will and blind the demonic crawler in retribution!
The demonic crawler completely misses you.
You hear an angry hiss. x2
Okay, then.
Nikola mumbles some strange words.
You hear a mighty clap of thunder!
The lightning arc hits the demonic crawler.
The demonic crawler resists.
The lightning arc hits you! You resist.
* * * LOW HITPOINT WARNING * * *
The lightning arc hits the demonic crawler.
The demonic crawler resists.
The lightning arc hits you! You resist.
* * * LOW HITPOINT WARNING * * *
The lightning arc hits Nikola.
The lightning arc hits you! You resist.
You die...

.#..........#...#.#... ..
..#.....(....#.....#....
....#.........#.....#...
)##....#.s#.#..†#^#.#..
.#...#.^.............#
......###...##...##..# #
....#.........#....#.# ..
...#...#.#...#.#.#.#.#.#
.#.#.#.......)..@s#...#
..........#......@...#.#
#[#..#..#...#...........#
......#...#..^#........##
.#..#^).#[....#...#..###
.....#..#..#....#.####
##.....#...^>#...##
#####...^#..#... .#..


You could see Nikola, a demonic crawler (blind) and a tarantella.

Vanquished Creatures
  A frost giant (IceCv)
  An emperor scorpion (Lair:4)
  The ghost of Robby the Thaumaturge, a journeyman GnFE of Okawaru (Lair:4)
  A minotaur (Lab)
  The ghost of slippy the Draconian Cataclysm, a journeyman DrTm of Qazlal (Lair:6)
  Josephine (D:14)
  An ogre mage (D:15)
  2 vault guards (D:13)
  Erolcha (D:11)
  9 hydras
  2 centaur warriors
  Erica (D:8)
  The ghost of b5mith the Fighter, a novice MiBe of Trog (D:12)
  4 catoblepae
  16 death yaks
  14 two-headed ogres
  6 orc high priests (Orc:2)
  A tengu warrior (D:14)
  9 skeletal warriors
  Nergalle (D:11)
  2 infernal demonspawn (Orc:2)
  Pikel (D:5)
  A torturous demonspawn (Orc:2)
  A gelid demonspawn (Orc:2)
  2 wizards
  5 orc knights
  A necromancer (D:13)
  3 deep elf magi
  An oklob plant (Lair:5)
  2 manticores (Lair:6)
  2 orb spiders (Spider:1)
  9 ugly things
  2 cyclopes
  8 orc sorcerers
  2 wolf spiders (Spider:1)
  10 elephants
  5 black mambas
  Joseph (D:7)
  5 centaur zombies
  A naga mage (D:15)
  Maurice (D:11)
  8 spiny frogs
  2 gargoyles
  The ghost of Robby the Firebug, a novice GnFE of Okawaru (D:5)
  4 rime drakes
  2 torpor snails
  7 komodo dragons
  2 kobold demonologists
  3 efreet (D:15)
  2 demonic crawlers (Lair:4)
  A tengu conjurer (D:14)
  3 ice devils
  12 jumping spiders
  8 trolls
  15 polar bears
  Prince Ribbit (D:7)
  11 slime creatures
  14 blink frogs
  12 hippogriffs
  Sigmund (D:2)
  A wyvern (Lair:2)
  64 yaks
  A centaur simulacrum (D:15)
  3 shadows
  4 wraiths
  24 redbacks (Spider:1)
  7 tarantellas (Spider:1)
  A vampire (D:13)
  Eustachio (D:5)
  17 humans
  4 basilisks
  3 vampire mosquitoes (D:14)
  A neqoxec (Orc:2)
  Menkaure (D:7)
  2 hungry ghosts
  4 swamp worms (Lair:2)
  3 wargs (Orc:2)
  An acid dragon (D:15)
  14 water moccasins
  4 porcupines
  42 orc warriors
  A slave (D:4)
  4 ice beasts
  3 sky beasts
  5 phantoms
  23 wolves
  14 ogres
  2 necrophages (D:14)
  7 centaurs
  15 crocodiles
  2 big kobolds
  19 bullfrogs
  2 gnoll sergeants
  5 scorpions
  5 killer bees (D:13)
  6 electric eels
  26 wights
  6 howler monkeys
  5 crimson imps
  A bullfrog zombie (D:8)
  3 quasits (D:12)
  2 jellies
  28 orc wizards
  A bullfrog skeleton (D:5)
  6 centaur skeletons
  A gnoll shaman (D:5)
  10 hounds
  36 orc priests
  3 iguanas
  Jessica (D:3)
  Natasha (twice) (D:3)
  14 worker ants
  2 hound skeletons
  A worker ant zombie (D:9)
  14 adders
  16 gnolls
  A howler monkey skeleton (D:7)
  9 shadow imps
  2 oozes
  An adder zombie (D:5)
  2 adder skeletons (D:4)
  2 worms
  A dart slug (D:1)
  5 leopard geckos
  113 orcs
  5 giant cockroaches
  9 goblins
  7 hobgoblins
  A jackal (D:2)
  15 kobolds
  5 quokkas
  6 ball pythons
  5 bats
  A frilled lizard (D:4)
  A giant cockroach zombie (D:5)
  3 rats
  2 fungi
  A plant (Lair:2)
938 creatures vanquished.

Vanquished Creatures (collateral kills)
  A two-headed ogre (D:10)
  A wolf spider (Spider:1)
  A tarantella (Spider:1)
  Edmund (D:5)
  A phantom (D:6)
5 creatures vanquished.

Vanquished Creatures (others)
  Agnes (Lair:4)
  A hydra (Lair:4)
  A necromancer (D:13)
  2 spiny frogs (Lair:2)
  A hippogriff (D:9)
  A tarantella (Spider:1)
  2 redbacks (Spider:1)
  2 yaks (Lair:6)
  A swamp worm (Lair:2)
  A slave (D:5)
  2 wolves (IceCv)
  A centaur (D:12)
  A jelly (D:5)
  A hound (D:5)
  2 orc wizards (D:5)
  2 worker ants (D:5)
  2 adders (D:5)
  3 orcs (D:5)
  A quokka zombie (D:5)
  A fire vortex (Lair:2)
  7 fungi
  11 plants
47 creatures vanquished.

Grand Total: 990 creatures vanquished

Notes
Turn   | Place    | Note
-------+----------+-------------------------------------------
     0 | D:1      | MatthieuS the Deep Elf Venom Mage began the quest for the Orb.
     0 | D:1      | Reached XP level 1. HP: 10/10 MP: 6/6
   292 | D:1      | Reached XP level 2. HP: 16/16 MP: 1/8
   556 | D:1      | Learned a level 2 spell: Poisonous Vapours
   692 | D:1      | Reached skill level 1 in Fighting
  1118 | D:2      | Reached XP level 3. HP: 20/20 MP: 4/9
  1432 | D:2      | Noticed Sigmund
  1558 | D:2      | Killed Sigmund
  1558 | D:2      | Reached XP level 4. HP: 15/26 MP: 0/11
  1558 | D:2      | Reached XP level 5. HP: 17/30 MP: 0/12
  2174 | D:3      | Reached skill level 4 in Spellcasting
  2183 | D:2      | Gained mutation: Scrolls take you a little longer to read. [potion of mutation]
  2183 | D:2      | Gained mutation: Your mind is acute. (Int +2) [potion of mutation]
  2183 | D:2      | Gained mutation: You are partially covered in slimy green scales. (AC +2) [potion of mutation]
  2507 | D:3      | Reached XP level 6. HP: 25/36 MP: 5/14
  2511 | D:3      | Noticed Jessica
  2514 | D:3      | Killed Jessica
  2900 | D:3      | Learned a level 3 spell: Mephitic Cloud
  2905 | D:3      | Learned a level 4 spell: Olgreb's Toxic Radiance
  2997 | D:3      | Found a runed door.
  3495 | D:3      | Noticed Natasha
  3498 | D:3      | Killed Natasha
  3555 | D:3      | Noticed Natasha
  3559 | D:3      | Killed Natasha
  3947 | D:4      | Reached XP level 7. HP: 30/41 MP: 1/15
  4245 | D:4      | Got a shimmering tin ring
  4260 | D:4      | Noticed a dagger
  4261 | D:4      | Noticed a dagger
  4392 | D:4      | Learned a level 3 spell: Spider Form
  4396 | D:4      | Found a hide-covered altar of Uskayaw.
  4515 | D:4      | Reached skill level 5 in Spellcasting
  4541 | D:4      | Found a shadowy altar of Dithmenos.
  4845 | D:5      | Entered Level 5 of the Dungeon
  4845 | D:5      | Noticed Robby's ghost (novice GnFE)
  4877 | D:5      | Noticed Pikel
  5024 | D:5      | Killed Pikel
  5024 | D:5      | Reached skill level 5 in Stealth
  5024 | D:5      | Reached skill level 1 in Transmutations
  5024 | D:5      | Reached skill level 5 in Poison Magic
  5024 | D:5      | Reached XP level 8. HP: 35/48 MP: 11/18
  5105 | D:5      | Identified the ring "Apyuclim" {rF+ rC+ SInv} (You found it on level 4 of the Dungeon)
  5653 | D:5      | Learned a level 2 spell: Sticks to Snakes
  5973 | D:5      | Reached skill level 5 in Dodging
  6186 | D:5      | Found a sacrificial altar of Ru.
  6190 | D:5      | Became a worshipper of Ru the Awakened
  6429 | D:5      | Noticed Eustachio
  6443 | D:5      | Killed Eustachio
  6471 | D:5      | Reached skill level 6 in Spellcasting
  6664 | D:5      | Found an iron altar of Okawaru.
  6731 | D:5      | Noticed Edmund
  6759 | D:5      | Killed Edmund
  6773 | D:5      | Killed Robby's ghost
  6773 | D:5      | Reached skill level 5 in Fighting
  6773 | D:5      | Reached XP level 9. HP: 49/54 MP: 3/20
  6897 | D:6      | Found a glowing silver altar of Zin.
  6934 | D:6      | Got a polished falchion
  6937 | D:6      | Identified the cursed +1 falchion of Defence {slice, Str+3} (You found it on level 6 of the Dungeon)
  7418 | D:6      | Learned a level 1 spell: Flame Tongue
  7421 | D:6      | Learned a level 2 spell: Throw Flame
  7431 | D:6      | Learned a level 3 spell: Conjure Flame
  7572 | D:6      | Reached skill level 5 in Conjurations
  7620 | D:6      | Reached skill level 1 in Fire Magic
  7887 | D:6      | Gained mutation: You are missing a hand. [Ru sacrifice]
  7887 | D:6      | Reached * piety under Ru
  7887 | D:6      | Reached ** piety under Ru
  8133 | D:7      | Learned a level 4 spell: Sticky Flame
  8138 | D:7      | Found a burning altar of Makhleb.
  8145 | D:7      | Found a sparkling altar of Nemelex Xobeh.
  8145 | D:7      | Found a glowing golden altar of the Shining One.
  8146 | D:7      | Found a blossoming altar of Fedhas.
  8201 | D:7      | Noticed Prince Ribbit
  8212 | D:7      | Killed Prince Ribbit
  8212 | D:7      | Reached skill level 7 in Spellcasting
  8308 | D:7      | Noticed Menkaure
  8353 | D:7      | Killed Menkaure
  8669 | D:7      | Found a staircase to the Ecumenical Temple.
  8849 | D:7      | Noticed Joseph
  8893 | D:7      | Killed Joseph
  9080 | D:7      | Found Xoucad's Food Shoppe.
  9194 | D:8      | Noticed a two-headed ogre
  9200 | D:8      | Killed a two-headed ogre
  9200 | D:8      | Reached XP level 10. HP: 61/61 MP: 8/23
  9616 | D:8      | Reached skill level 8 in Spellcasting
  9650 | D:8      | Reached skill level 5 in Fire Magic
  9854 | D:8      | Noticed Erica
  9865 | D:8      | Killed Erica
 10077 | D:8      | Found the ring of Phasing {EV+8}
 10273 | D:9      | Found an opulent altar of Gozag.
 10390 | D:8      | Gained mutation: You cannot study or use magical devices. [Ru sacrifice]
 10390 | D:8      | Reached *** piety under Ru
 10390 | D:8      | Reached **** piety under Ru
 10390 | D:8      | Reached ***** piety under Ru
 11127 | D:10     | Entered Level 10 of the Dungeon
 11127 | D:10     | Noticed a two-headed ogre
 11138 | D:10     | Killed a two-headed ogre
 11146 | D:10     | Reached skill level 9 in Spellcasting
 11280 | D:10     | Found a staircase to the Lair.
 11362 | D:10     | Noticed a two-headed ogre
 11417 | D:10     | Killed a two-headed ogre
 11417 | D:10     | Reached XP level 11. HP: 39/68 MP: 3/26
 12419 | Lair:1   | Entered Level 1 of the Lair of Beasts
 12986 | Lair:1   | Noticed a six-headed hydra
 12999 | Lair:1   | Killed a six-headed hydra
 13126 | Lair:1   | Lost mutation: Scrolls take you a little longer to read. [potion of mutation]
 13126 | Lair:1   | Lost mutation: Your mind is acute. (Int +2) [potion of mutation]
 13126 | Lair:1   | Lost mutation: You are partially covered in slimy green scales. (AC +2) [potion of mutation]
 13126 | Lair:1   | Gained mutation: Scrolls take you a little longer to read. [potion of mutation]
 13126 | Lair:1   | Gained mutation: Your magical capacity is low. (-10% MP) [potion of mutation]
 13126 | Lair:1   | Gained mutation: You are surrounded by a mild repulsion field. (EV +2) [potion of mutation]
 13348 | Lair:1   | Reached skill level 10 in Spellcasting
 14688 | Lair:2   | Reached XP level 12. HP: 76/76 MP: 13/25
 15122 | Lair:2   | Found an iron altar of Okawaru.
 15172 | Lair:2   | Noticed a six-headed hydra
 15259 | Lair:2   | Killed a six-headed hydra
 15259 | Lair:2   | Reached skill level 10 in Fire Magic
 16479 | Lair:2   | Found a staircase to the Swamp.
 16592 | Lair:2   | Reached skill level 11 in Spellcasting
 16788 | Lair:2   | Learned a level 5 spell: Fireball
 17245 | Lair:3   | Reached skill level 10 in Fighting
 17438 | Lair:3   | Noticed an eight-headed hydra
 17456 | Lair:3   | Killed an eight-headed hydra
 18242 | Lair:4   | Found a hole to the Spider Nest.
 18285 | Lair:4   | Noticed a six-headed hydra
 18294 | Lair:4   | Killed a six-headed hydra
 18531 | Lair:4   | Noticed Robby's ghost (journeyman GnFE)
 18579 | Lair:4   | HP: 3/78 [Robby's ghost/flame tongue (16)]
 18602 | Lair:4   | Killed Robby's ghost
 18815 | Lair:4   | Reached XP level 13. HP: 53/83 MP: 1/27
 19716 | Lair:5   | Found a labyrinth entrance.
 19725 | Lab      | Entered a labyrinth
 19758 | Lab      | Learned a level 5 spell: Venom Bolt
 20294 | Lab      | Noticed a minotaur
 20312 | Lab      | Killed a minotaur
 20321 | Lab      | Got a spiked helmet
 20329 | Lab      | Identified the +1 helmet of the Ace of Pentacles {MR+ Int+6 Dex-3} (You found it in a labyrinth)
 20337 | Lab      | Learned a level 5 spell: Bolt of Magma
 20467 | Lair:5   | Reached skill level 10 in Conjurations
 20477 | Lair:5   | Reached skill level 12 in Spellcasting
 20689 | Lair:5   | Identified a scroll of acquirement
 21289 | Lair:5   | Found a staircase to the Slime Pits.
 21780 | Lair:5   | Learned a level 2 spell: Ensorcelled Hibernation
 22012 | Lair:6   | Entered Level 6 of the Lair of Beasts
 22298 | Lair:6   | Noticed slippy's ghost (journeyman DrTm)
 23923 | Lair:6   | Killed slippy's ghost
 24117 | Lair:6   | Learned a level 3 spell: Regeneration
 24183 | Lair:6   | Reached skill level 1 in Charms
 24329 | Lair:6   | Reached XP level 14. HP: 90/90 MP: 11/29
 24694 | Lair:6   | Reached skill level 5 in Charms
 24730 | Lair:6   | Reached skill level 13 in Spellcasting
 25350 | Lair:6   | Learned a level 3 spell: Ignite Poison
 25357 | Lair:6   | Learned a level 2 spell: Sublimation of Blood
 25360 | Lair:6   | Learned a level 2 spell: Shroud of Golubria
 25969 | D:11     | Reached skill level 1 in Necromancy
 26873 | D:11     | Noticed Erolcha
 26878 | D:11     | Killed Erolcha
 27031 | D:11     | Found a portal to a secret trove of treasure.
 27040 | D:11     | Noticed Maurice
 27052 | D:11     | Killed Maurice
 27296 | D:11     | Found Qatuj's Weapon Shoppe.
 27388 | D:11     | Found a staircase to the Orcish Mines.
 27465 | Orc:1    | Entered Level 1 of the Orcish Mines
 27981 | Orc:2    | Entered Level 2 of the Orcish Mines
 28250 | Orc:2    | Found Yqomin's Distillery.
 28254 | Orc:2    | Found Weutseot's General Store.
 28683 | Orc:2    | Bought a potion of curing for 45 gold pieces
 28683 | Orc:2    | Bought a potion of curing for 45 gold pieces
 28683 | Orc:2    | Bought a potion of brilliance for 60 gold pieces
 29351 | Orc:2    | Found Rixuar's Armour Boutique.
 29649 | Orc:2    | Found a staircase to the Elven Halls.
 29811 | Orc:2    | Reached XP level 15. HP: 73/97 MP: 6/31
 30001 | Orc:2    | Reached skill level 10 in Charms
 30305 | Orc:2    | Found Huohud's Gadget Emporium.
 30305 | Orc:2    | Found Busair's Antique Armour Shoppe.
 30305 | Orc:2    | Found a one-way gate leading to the halls of Pandemonium.
 30437 | Orc:2    | Bought a slimy ring mail for 261 gold pieces
 30448 | Orc:2    | Identified the +4 ring mail of Laf Fekk {rN+ Dex+2} (You bought it in a shop on level 2 of the Orcish Mines)
 30773 | D:12     | Noticed b5mith's ghost (novice MiBe)
 30779 | D:12     | Killed b5mith's ghost
 33303 | D:13     | Reached skill level 14 in Spellcasting
 34075 | D:13     | Got a crude robe
 35293 | D:13     | Found a gate to the Vaults.
 35798 | D:14     | Identified the +2 robe of the Fisher {-Tele rF+ MR+ Regen+} (You took it off a wizard on level 13 of the Dungeon)
 36106 | D:14     | Found Ruid's Assorted Antiques.
 36245 | D:14     | Found a frozen archway.
 36252 | IceCv    | Entered an ice cave
 37692 | IceCv    | Got a polished helmet
 37713 | IceCv    | Identified the +0 helmet of Anirotasu {-Cast +Inv Regen+} (You acquired it in an ice cave)
 37780 | IceCv    | Noticed a frost giant
 37787 | IceCv    | Reached skill level 10 in Dodging
 37788 | IceCv    | Killed a frost giant
 37958 | D:14     | Reached XP level 16. HP: 92/104 MP: 27/32
 38107 | D:13     | Upgraded the game from 0.22-a0-271-gc000056 to 0.22-a0-273-g3d7ae58
 38699 | D:14     | Found a blossoming altar of Fedhas.
 38889 | D:14     | Noticed Josephine
 38893 | D:14     | Killed Josephine
 39444 | D:15     | Entered Level 15 of the Dungeon
 39596 | D:15     | Found a roughly hewn altar of Beogh.
 40461 | D:15     | Found a staircase to the Depths.
 41445 | D:11     | Noticed Nergalle
 41448 | D:11     | Killed Nergalle
 41565 | Spider:1 | Entered Level 1 of the Spider Nest
 41668 | Spider:1 | Noticed Agnes
 41948 | Lair:4   | Killed Agnes
 43178 | Spider:1 | Reached skill level 15 in Spellcasting
 43709 | Spider:1 | Noticed Nikola
 43743 | Spider:1 | Killed from afar by Nikola

Vault maps used:
D:1:      eino_arrival_druids_welcome
D:2:      cheibrodos_old_hovel, uniq_sigmund
D:3:      minmay_diamond_boxcup, first_ration, uniq_jessica,
          uniq_crazy_yiuf_cottage, uniq_natasha
D:4:      dancing_weapons_uskayaw, serial_glass, glass_columns_a,
          glass_columns_a, grunt_dithmenos_smoke_and_mirrors
D:5:      lemuel_doored_altar, okawaru_metal_pillars_1_2, uniq_edmund,
          uniq_eustachio, uniq_pikel
D:6:      basic_altar
D:7:      minitemple, minmay_temple_entry_nine_rooms, serial_shops, shop,
          uniq_menkaure, uniq_joseph, uniq_prince_ribbit1
D:8:      uniq_erica
D:9:      nicolae_gozag_seed_capital
D:10:     lair_entry_dummy
D:11:     erik_orc_2, enter_trove_0, serial_shops, shop_coins, uniq_erolcha,
          uniq_maurice, uniq_nergalle
D:13:     grunt_vaults_entry_tiered, grunt_pizzeria, minmay_crystal_water
D:14:     portal_ice_cave_demonic_guard, serial_shops, nicolae_shop_stone,
          fedhas_altar_2, uniq_josephine
D:15:     grunt_enter_depths_magical_seal, special_room, minivault_24
Lair:1:   beast_lair_carwin_4
Lair:2:   nicolae_swamp_entry_splash_gauntlet, basic_altar,
          minmay_lair_oklob_chamber
Lair:4:   dummy_spider_entry, serial_bayou_shore_b, infiniplex_staircase_pool
Lair:5:   beast_lair_carwin_large_3, minmay_slime_entry_oklob_open,
          lab_entry_generic
Lair:6:   evilmike_catoblepas_cave
Spider:1: uniq_agnes, uniq_nikola
Orc:2:    pf_orc_diabolical, serial_shops, nicolae_shop_stone
Lab:      labyrinth_green, nicolae_lab_grate_2
IceCv:    ice_cave_caverns_03

Skill      XL: |  1  2  3  4  5  6  7  8  9 10 11 12 13 14 15 16 |
---------------+-------------------------------------------------+-----
Fighting       | 1 2 3 4 5 6 8 9 10 11 12 13 | 13.8
Dodging        | 3 4 5 7 8 10 | 10.9
Stealth        | 3 4 5 6 8 9 |  9.1
Conjurations   | 2 3 4 6 7 8 9 10 11 12 | 12.7
Spellcasting   | 4 5 6 7 9 10 11 12 13 14 15 | 15.0
Poison Magic   | 4 5 6 |  6.0
Transmutations | 1 2 3 |  3.0
Fire Magic     | 4 7 9 11 12 13 14 | 14.6
Charms         | 2 9 12 14 | 14.2
Necromancy     | 3 4 |  4.2

Action                   |  1- 3 |  4- 6 |  7- 9 | 10-12 | 13-15 | 16-18 || total
-------------------------+-------+-------+-------+-------+-------+-------++-------
Melee: Unarmed           |     4 |       |    75 |       |       |       ||    79
       Dagger            |     2 |    20 |    92 |   149 |   599 |    54 ||   916
       Staff             |       |       |       |       |    32 |     9 ||    41
 Cast: Sting             |    25 |    14 |    10 |       |       |       ||    49
       Poisonous Vapours |    21 |    70 |    74 |    88 |     9 |       ||   262
       Spider Form       |       |       |     7 |       |       |       ||     7
       Sticks to Snakes  |       |       |    36 |    22 |    39 |     6 ||   103
       Olgreb's Toxic Ra |       |       |    13 |    53 |   117 |    36 ||   219
       Mephitic Cloud    |       |       |     1 |     4 |     2 |       ||     7
       Flame Tongue      |       |       |    49 |   241 |   524 |    26 ||   840
       Throw Flame       |       |       |    24 |    98 |   149 |     5 ||   276
       Conjure Flame     |       |       |     1 |    32 |    37 |     3 ||    73
       Sticky Flame      |       |       |     1 |    40 |    65 |     4 ||   110
       Fireball          |       |       |       |     5 |    27 |       ||    32
       Bolt of Magma     |       |       |       |       |    91 |    97 ||   188
       Venom Bolt        |       |       |       |       |     4 |       ||     4
       Ignite Poison     |       |       |       |       |    60 |    19 ||    79
       Sublimation of Bl |       |       |       |       |    18 |       ||    18
       Regeneration      |       |       |       |       |    12 |       ||    12
       Ensorcelled Hiber |       |       |       |       |     5 |       ||     5
       Shroud of Golubri |       |       |       |       |    11 |     1 ||    12
Invok: Sacrifice a Hand  |       |       |     1 |       |       |       ||     1
       Sacrifice Artific |       |       |       |     1 |       |       ||     1
       Reject Sacrifices |       |       |       |     1 |     2 |       ||     3
       Draw Out Power    |       |       |       |     5 |     5 |     2 ||    12
       Apocalypse        |       |       |       |     1 |     1 |       ||     2
       Power Leap        |       |       |       |       |     2 |       ||     2
 Abil: End Transformatio |       |       |     5 |       |       |       ||     5
Evoke: Wand              |       |       |     9 |       |       |       ||     9
  Use: Potion            |       |     3 |     3 |    14 |     7 |     2 ||    29
       Scroll            |       |     3 |    13 |       |    21 |     1 ||    38
 Stab: Paralysed         |       |       |     2 |       |     3 |       ||     5
       Sleeping          |       |       |     3 |     1 |     2 |       ||     6
       Distracted        |       |       |     2 |     1 |     7 |       ||    10
       Invisible         |       |       |     1 |       |     2 |     1 ||     4
       Petrified         |       |       |       |       |     6 |       ||     6
  Eat: Chunk             |     2 |     5 |    10 |    15 |    36 |     2 ||    70
       Ration            |       |     1 |     2 |     5 |     8 |     5 ||    21
Armor: Robe              |     3 |    15 |     4 |       |     8 |       ||    30
       Skin              |       |       |     3 |       |     1 |       ||     4
       Leather armour    |       |       |    27 |    53 |   188 |       ||   268
       Ring mail         |       |       |       |       |   106 |    83 ||   189
Dodge: Dodged            |    10 |    32 |   165 |   306 |  1066 |   246 ||  1825

Table legend:
 A = Spawn XP
 B = Non-spawn XP
 C = Spawn XP percentage of total XP
 D = Spawn monster count
 E = Non-spawn monster count
 F = Spawn count percentage of total count
 G = Total turns spent on level
                    A         B        C        D         E        F      G
               +---------+---------+-------+---------+---------+-------+---------
         Total |       0 |  199143 |   0.0 |       0 |     952 |   0.0 | 43743
               +---------+---------+-------+---------+---------+-------+---------
           D:1 |       0 |      37 |   0.0 |       0 |      17 |   0.0 |  1098
           D:2 |       0 |     293 |   0.0 |       0 |      12 |   0.0 |  1580
           D:3 |       0 |     290 |   0.0 |       0 |      35 |   0.0 |  1184
           D:4 |       0 |     530 |   0.0 |       0 |      19 |   0.0 |  1591
           D:5 |       0 |    1712 |   0.0 |       0 |      19 |   0.0 |  1443
           D:6 |       0 |     904 |   0.0 |       0 |      23 |   0.0 |  1127
           D:7 |       0 |    1447 |   0.0 |       0 |      23 |   0.0 |  1154
           D:8 |       0 |    2554 |   0.0 |       0 |      26 |   0.0 |  1183
           D:9 |       0 |    1807 |   0.0 |       0 |      31 |   0.0 |   979
          D:10 |       0 |    2894 |   0.0 |       0 |      25 |   0.0 |  1128
          D:11 |       0 |   10775 |   0.0 |       0 |      70 |   0.0 |  1997
          D:12 |       0 |    6777 |   0.0 |       0 |      44 |   0.0 |  2545
          D:13 |       0 |   15950 |   0.0 |       0 |      63 |   0.0 |  2711
          D:14 |       0 |   20569 |   0.0 |       0 |      63 |   0.0 |  1890
          D:15 |       0 |   16063 |   0.0 |       0 |      54 |   0.0 |  1875
        Lair:1 |       0 |    7795 |   0.0 |       0 |      29 |   0.0 |  2133
        Lair:2 |       0 |    7795 |   0.0 |       0 |      31 |   0.0 |  2537
        Lair:3 |       0 |    4014 |   0.0 |       0 |      18 |   0.0 |   846
        Lair:4 |       0 |   12562 |   0.0 |       0 |      26 |   0.0 |  3872
        Lair:5 |       0 |   13713 |   0.0 |       0 |      38 |   0.0 |  3114
        Lair:6 |       0 |   23195 |   0.0 |       0 |      56 |   0.0 |  2130
      Spider:1 |       0 |   12844 |   0.0 |       0 |      50 |   0.0 |   233
         Orc:1 |       0 |    1659 |   0.0 |       0 |      26 |   0.0 |   482
         Orc:2 |       0 |   19498 |   0.0 |       0 |     103 |   0.0 |  2476
           Lab |       0 |    1778 |   0.0 |       0 |       4 |   0.0 |   730
         IceCv |       0 |   11688 |   0.0 |       0 |      47 |   0.0 |  1705
               +---------+---------+-------+---------+---------+-------+---------
